 Dungeon Crawl Stone Soup version 0.26-a0-1205-g4083c211ab (webtiles) character file.

Game seed: 12879601416636053810

3042 jestyr24 the Cleaver (level 9, -1/79 HPs)
             Began as a Minotaur Monk on Dec 29, 2020.
             Was a Priest of Makhleb.
             Slain by a two-headed ogre
             ... wielding a +0 giant spiked club
              (9 damage)
             ... on level 8 of the Dungeon.
             The game lasted 00:24:43 (7714 turns).

jestyr24 the Cleaver (Minotaur Monk)                Turns: 7714, Time: 00:24:44

Health: -1/79      AC: 12    Str: 19    XL:     9   Next: 56%
Magic:  18/18      EV: 11    Int:  7    God:    Makhleb [***...]
Gold:   451        SH:  0    Dex: 13    Spells: 8/8 levels left

rFire    . . .     SeeInvis .   C - +1 hand axe (vorpal)
rCold    . . .     Faith    .   (no shield)
rNeg     . . .     Spirit   .   c - +0 chain mail
rPois    .         Reflect  .   (helmet restricted)
rElec    .         Harm     .   (no cloak)
rCorr    .         Rampage  .   g - +0 pair of gloves
Will     .....                  (no boots)
Stlth    ..........             (no amulet)
HPRegen  0.23/turn              s - ring of magical power
MPRegen  0.16/turn              (no ring)

@: no status effects
A: retaliatory headbutt, horns 2
a: Renounce Religion, Minor Destruction, Lesser Servant of Makhleb


You were on level 8 of the Dungeon.
You worshipped Makhleb.
Makhleb was most pleased with you.
You visited 2 branches of the dungeon, and saw 9 of its levels.

You collected 451 gold pieces.

Inventory:

Hand Weapons
 a - a +0 flail of holy wrath
 C - a +1 vorpal hand axe (weapon)
 F - a +0 shortbow of freezing
 M - a +3 dagger
 N - a +4 trident of flaming
Missiles
 i - 229 stones (quivered)
 p - 2 atropa-tipped darts
 A - 34 sling bullets
 H - 25 arrows
 I - 3 boomerangs
 L - 22 poisoned darts
Armour
 b - a +1 ring mail of fire resistance
 c - a +0 chain mail (worn)
 g - a +0 pair of gloves (worn)
Jewellery
 s - a ring of magical power (left hand)
Wands
 v - a wand of flame (14)
 B - a wand of random effects (38)
 E - a wand of polymorph (14)
Scrolls
 d - 4 scrolls of teleportation {unknown}
 f - 5 scrolls of identify {unknown}
 h - 2 scrolls of magic mapping {unknown}
 j - a scroll of holy word {unknown}
 m - 7 scrolls of remove curse {unknown}
 n - a scroll of fear {unknown}
 o - 3 scrolls of immolation {unknown}
 q - a scroll of enchant armour {unknown}
 t - a scroll of blinking {unknown}
 y - a scroll of fog {unknown}
 D - a scroll of brand weapon {unknown}
 J - a scroll of amnesia {unknown}
 K - 3 scrolls of enchant weapon {unknown}
Potions
 e - 3 potions of degeneration {unknown}
 k - 2 potions of invisibility {unknown}
 l - a potion of berserk rage {unknown}
 r - 4 potions of curing {unknown}
 u - a potion of heal wounds {unknown}
 w - 2 potions of magic {unknown}
 x - a potion of lignification {unknown}
 z - 2 potions of resistance {unknown}
 G - a potion of mutation {unknown}


   Skills:
 * Level 7.2 Fighting
 * Level 9.8 Axes
 - Level 9.0 Armour
 * Level 6.8 Dodging
 - Level 1.5 Stealth
 * Level 1.3 Invocations
 * Level 1.2 Evocations


You had 8 spell levels left.
You didn't know any spells.
Your spell library contained the following spells:

 Spells                   Type           Power        Failure   Level
 Sandblast                Erth           0%           98%         1
 Sting                    Tmut/Pois      0%           98%         1
 Passwall                 Tmut/Erth      0%           99%         2
 Poisonous Vapours        Pois/Air       0%           99%         2
 Confusing Touch          Hex            0%           100%        3
 Gell's Gravitas          Tloc           0%           100%        3
 Ignite Poison            Fire/Tmut/Pois 0%           100%        3
 Mephitic Cloud           Conj/Pois/Air  0%           100%        3
 Stone Arrow              Conj/Erth      0%           100%        3
 Olgreb's Toxic Radiance  Pois           0%           100%        4
 Petrify                  Tmut/Erth      0%           100%        4
 Lee's Rapid Deconstruct  Erth           0%           100%        5
 Metabolic Englaciation   Hex/Ice        0%           100%        5
 Yara's Violent Unravell  Hex/Tmut       0%           100%        5


Dungeon Overview and Level Annotations

Branches:
Dungeon (8/15)             Temple (1/1) D:4
   Lair: D:8-11

Altars:
Ashenzari
Cheibriados
Dithmenos
Elyvilon
Fedhas
Gozag
Hepliaklqana
Kikubaaqudgha
Makhleb
Nemelex Xobeh
Okawaru
Qazlal
Ru
Sif Muna
Trog
Uskayaw
Vehumet
Wu Jian
Xom
Yredelemnul
Zin


Innate Abilities, Weirdness & Mutations

You reflexively headbutt those who attack you in melee.
You have a pair of horns on your head.


Message History

You see here a water moccasin corpse.
You slash the two-headed ogre!
Your headbutt misses the two-headed ogre.
The two-headed ogre is lightly wounded.
The two-headed ogre hits you with a +0 giant spiked club.
The two-headed ogre hits you with a +0 giant spiked club!
You hit the two-headed ogre.
The two-headed ogre is moderately wounded.
The two-headed ogre hits you with a +0 giant spiked club!
* * * LOW HITPOINT WARNING * * *
The two-headed ogre hits you with a +0 giant spiked club!
* * * LOW HITPOINT WARNING * * *
You hit the two-headed ogre.
Your headbutt misses the two-headed ogre.
The two-headed ogre is moderately wounded.
You slash the two-headed ogre! You headbutt the two-headed ogre.
The two-headed ogre is severely wounded.
The two-headed ogre completely misses you.
The two-headed ogre hits you with a +0 giant spiked club!
You die...

.$.. ...# #... ... ....
..##..# ##.# .... #....#
#>.# ... #....# #..# . #..
####...# #..#
...#..####.....######..#
..P.......).)......#..##
.........)†#..........####
.........@##...#######....
.P.......O.#...# #....
..............## #..##
.........###... #..#
.........# #..... #..#
P..#....## ##.... ..##
...#....# ### ...# ....#
###.. #.##


You could see a two-headed ogre.

Vanquished Creatures
  The ghost of Frask the Slicer, a novice MiMo of Okawaru (D:5)
  Eustachio (D:6)
  Edmund (D:6)
  Duvessa (D:6)
  3 ice beasts
  A water moccasin (D:8)
  3 black bears
  A phantom (D:3)
  2 ogres
  A centaur (D:7)
  A big kobold (D:7)
  3 bullfrogs
  Dowan (D:6)
  2 scorpions
  A howler monkey (D:4)
  A bullfrog zombie (D:6)
  3 hounds
  4 orc priests
  A centaur skeleton (D:7)
  2 jellies
  4 orc wizards
  An iguana (D:7)
  7 worker ants
  6 gnolls
  A howler monkey skeleton (D:5)
  11 adders
  2 white imps
  An ooze (D:4)
  2 adder skeletons
  An adder zombie (D:5)
  5 worms
  2 dart slugs
  2 leopard geckos
  17 orcs
  6 giant cockroaches
  5 goblins
  4 hobgoblins (D:2)
  8 jackals
  A quokka (D:8)
  2 ball pythons
  4 bats
  4 frilled lizards
  A giant cockroach zombie (D:5)
  16 kobolds
  A leopard gecko zombie (D:5)
  2 quokka zombies
  12 rats
162 creatures vanquished.

Vanquished Creatures (others)
  A gnoll (D:8)
  50 fungi (D:8)
  43 plants (D:8)
94 creatures vanquished.

Grand Total: 256 creatures vanquished

Notes
Turn   | Place    | Note
-------+----------+-------------------------------------------
     0 | D:1      | jestyr24 the Minotaur Monk began the quest for the Orb.
     0 | D:1      | Reached XP level 1. HP: 19/19 MP: 0/0
   175 | D:1      | Reached XP level 2. HP: 26/27 MP: 1/1
   556 | D:2      | Reached XP level 3. HP: 32/33 MP: 2/2
   827 | D:2      | Found a radiant altar of Vehumet.
   955 | D:2      | Noticed a scorpion
   971 | D:2      | Killed a scorpion
   972 | D:2      | Reached skill level 1 in Armour
   972 | D:2      | Reached XP level 4. HP: 26/41 MP: 3/3
  1275 | D:2      | Found an iron altar of Okawaru.
  1309 | D:2      | Found a glowing silver altar of Zin.
  1499 | D:2      | Found a shimmering altar of Xom.
  1626 | D:3      | Reached XP level 5. HP: 37/47 MP: 4/4
  1702 | D:3      | Noticed a phantom
  1743 | D:3      | Killed a phantom
  1744 | D:3      | Reached skill level 5 in Axes
  2318 | D:4      | Reached XP level 6. HP: 50/53 MP: 5/5
  2693 | D:4      | Reached skill level 5 in Dodging
  2979 | D:4      | Found a staircase to the Ecumenical Temple.
  2984 | Temple   | Entered the Ecumenical Temple
  3039 | Temple   | Became a worshipper of Makhleb the Destroyer
  3039 | Temple   | Reached * piety under Makhleb
  3039 | Temple   | Reached ** piety under Makhleb
  3192 | D:4      | Found an opulent altar of Gozag.
  3204 | D:4      | Found a basalt altar of Yredelemnul.
  3335 | D:5      | Entered Level 5 of the Dungeon
  3404 | D:5      | Reached XP level 7. HP: 57/60 MP: 6/6
  3442 | D:5      | Found a sparkling altar of Nemelex Xobeh.
  3538 | D:5      | Found a runed translucent door.
  3538 | D:5      | Noticed Frask's ghost (novice MiMo)
  3578 | D:5      | Killed Frask's ghost
  3579 | D:5      | Reached skill level 5 in Fighting
  3579 | D:5      | Reached skill level 5 in Armour
  4368 | D:5      | Found a blossoming altar of Fedhas.
  4628 | D:6      | Reached XP level 8. HP: 69/69 MP: 7/7
  4703 | D:6      | Noticed Edmund
  4724 | D:6      | Killed Edmund
  4787 | D:6      | Noticed Eustachio
  4837 | D:6      | Noticed Duvessa
  4847 | D:6      | Killed Eustachio
  4847 | D:6      | Noticed Dowan
  4862 | D:6      | Killed Duvessa
  4866 | D:6      | Killed Dowan
  5500 | D:6      | Found a white marble altar of Elyvilon.
  5858 | D:7      | Reached XP level 9. HP: 75/75 MP: 8/8
  5976 | D:7      | Reached *** piety under Makhleb
  6178 | D:7      | Found a sacrificial altar of Ru.
  6290 | D:7      | Found a stormy altar of Qazlal.
  6432 | D:7      | Found a bloodstained altar of Trog.
  7328 | D:8      | Reached skill level 1 in Invocations
  7329 | D:8      | Reached skill level 1 in Evocations
  7705 | D:8      | Noticed a two-headed ogre
  7714 | D:8      | Slain by a two-headed ogre

Illustrated notes

Levels and vault maps discovered:
D:1:      psy_arrival_radial02, layout_rooms
D:2:      layout_basic, lemuel_round_altar, zin_scriptorium, vehumet_crystals,
          lemuel_coloured_pillars_altar, kennysheep_generic_room_12
D:3:      layout_loops_ring, minmay_ruptured
D:4:      layout_loops_ring, overflow_temple_1_default, kennysheep_mini
D:5:      layout_cave_pods, fedhas_altar_3, nemelex_xobeh_ov_fountains_minmay,
          gammafunk_ghost_grave
D:6:      layout_loops_ring, elyvilon_altar_3, uniq_duvessa, uniq_edmund,
          uniq_eustachio
D:7:      layout_layer_cave, nicolae_ru_awakened_eye, trog_ov_bears_minmay,
          kennysheep_mini_moat
D:8:      layout_layer_cave, nicolae_tso_swordbearing_angel,
          due_lair_maze_entry_diamond, ebering_ghost_rock_garden
Temple:   compressed_dpeg_circular_temple

Skill      XL: |  1  2  3  4  5  6  7  8  9 |
---------------+----------------------------+-----
Fighting       | 4 5 6 7 |  7.2
Axes           | 4 5 6 7 8 9 |  9.8
Dodging        | 4 5 6 |  6.8
Armour         | 1 3 4 6 8 9 |  9.0
Invocations    | 1 |  1.3
Evocations     | 1 |  1.2
Stealth        | |  1.5

Action                   |  1- 3 |  4- 6 |  7- 9 || total
-------------------------+-------+-------+-------++-------
Melee: Hand axe          |    94 |   163 |   315 ||   572
       Headbutt          |    12 |    27 |    77 ||   116
  Use: Potion            |       |       |     2 ||     2
Armor: Chain mail        |    54 |    68 |   189 ||   311
Dodge: Dodged            |    69 |    61 |   156 ||   286

Table legend: (Time is in decaauts)
 A = Elapsed time spent in this place.
 B = Non-inter-level travel time spent in this place.
 C = Inter-level travel time spent in this place.
 D = Time resting spent in this place.
 E = Time spent auto-exploring this place.
 F = Levels seen in this place.
 G = Mean time per level.
                   A        B        C        D        E       F      G
               +--------+--------+--------+--------+--------+-----+--------+
         Total |   7702 |   7588 |    114 |   1249 |   4241 |   9 |  855.8 |
       Dungeon |   7630 |   7516 |    114 |   1249 |   4241 |   8 |  953.8 |
        Temple |     72 |     72 |      0 |      0 |      0 |   1 |   72.0 |
               +--------+--------+--------+--------+--------+-----+--------+

Top non-repeatable levels by time:
     D:7: 1457 daAuts
     D:6: 1276 daAuts
     D:5: 1212 daAuts
     D:2: 1082 daAuts
     D:4: 965 daAuts
     D:3: 782 daAuts
     D:1: 454 daAuts
     D:8: 399 daAuts
  Temple: 72 daAuts
